ORI
UNIVERSITY OF GEORGIA BULLDOGS @ UNIVERSITY OF VIRGINIA CAVALIERS
07/25/2044
 
TOP OF THE 1ST
University of Georgia Bulldogs batting - Pitching for University of Virginia Cavaliers : LHP Amari Miller
Pitching: LHP Amari Miller
Batting: RHB Giorgi Bezhanishvili 0-0: Ball
1-0: Ball
2-0: Swinging Strike
2-1: Ball
3-1: Ground out U3 (Groundball, 34, EV 88.1 MPH)
Batting: RHB Jesus Alaniz 0-0: Foul Ball, location: 2F
0-1: Ball
1-1: Foul Ball, location: 2F
1-2: Ball
2-2: Ball
3-2: Fly out, F8 (Line Drive, 8RD, EV 87.5 MPH)
Batting: RHB Jose Garibay 0-0: Foul Ball, location: 2F
0-1: Ball
1-1: Foul Ball, location: 2F
1-2: DOUBLE (Groundball, 5D, EV 96.2 MPH)
Batting: LHB Justin Daley 0-0: Swinging Strike
0-1: Ball
1-1: Swinging Strike
1-2: Foul Ball, location: 2F
1-2: Strikes out swinging
Top of the 1st over - 0 runs, 1 hit, 0 errors, 1 left on base; University of Georgia 0 - University of Virginia 0
BOTTOM OF THE 1ST
University of Virginia Cavaliers batting - Pitching for University of Georgia Bulldogs : RHP Rip Log
Pitching: RHP Rip Log
Batting: LHB Jesse Westmoreland 0-0: Ball
1-0: Called Strike
1-1: Ball
2-1: Ground out 3-1 (Groundball, 34S, EV 79.4 MPH)
Batting: LHB Sean Banks 0-0: Fly out, F5 (Popup, 25F, EV 85.6 MPH)
Batting: RHB Arnaud Derosiers 0-0: SINGLE (Line Drive, 8RS, EV 93.1 MPH)
Batting: RHB Adam Dudek 0-0: Ball
1-0: Ground out U3 (Groundball, 34, EV 84.4 MPH)
Bottom of the 1st over - 0 runs, 1 hit, 0 errors, 1 left on base; University of Georgia 0 - University of Virginia 0
TOP OF THE 2ND
University of Georgia Bulldogs batting - Pitching for University of Virginia Cavaliers : LHP Amari Miller
Batting: RHB Tsugio Yamaguchi 0-0: Called Strike
0-1: Called Strike
0-2: Strikes out looking
Batting: RHB Armando Ramirez 0-0: Ground out 5-3 (Groundball, 56, EV 97.5 MPH)
Batting: LHB Antonio Razo 0-0: Called Strike
0-1: Called Strike
0-2: Ground out 4-3 (Groundball, 4, EV 106.9 MPH)
Top of the 2nd over - 0 runs, 0 hits, 0 errors, 0 left on base; University of Georgia 0 - University of Virginia 0
BOTTOM OF THE 2ND
University of Virginia Cavaliers batting - Pitching for University of Georgia Bulldogs : RHP Rip Log
Batting: SHB Omar Martin 0-0: Ball
1-0: Foul Ball, location: 2F
1-1: Foul Ball, location: 2F
1-2: Strikes out swinging
Batting: RHB Matt Peddle 0-0: Ground out 6-3 (Groundball, 6, EV 80.6 MPH)
Batting: RHB Matt Sobolewski 0-0: Ball
1-0: Foul Ball, location: 2F
1-1: Ball
2-1: Called Strike
2-2: Ground out U3 (Groundball, 34, EV 88.1 MPH)
Bottom of the 2nd over - 0 runs, 0 hits, 0 errors, 0 left on base; University of Georgia 0 - University of Virginia 0
TOP OF THE 3RD
University of Georgia Bulldogs batting - Pitching for University of Virginia Cavaliers : LHP Amari Miller
Batting: LHB Dave Schaubert 0-0: Ball
1-0: Ball
2-0: Called Strike
2-1: Swinging Strike
2-2: Ball
3-2: Fly out, F8 (Line Drive, 8LD, EV 94.4 MPH)
Batting: RHB Luis Chavez 0-0: Ball
1-0: Foul Ball, location: 2F
1-1: Called Strike
1-2: Strikes out swinging, 2-3 out at first.
Batting: RHB Giorgi Bezhanishvili 0-0: Ball
1-0: Ball
2-0: Called Strike
2-1: SINGLE (Groundball, 6, EV 101.2 MPH)
Batting: RHB Jesus Alaniz 0-0: Ball
Wild Pitch!
Giorgi Bezhanishvili to second
1-0: Foul Ball, location: 2F
1-1: Ball
2-1: Ball
3-1: Called Strike
3-2: Fly out, F9 (Line Drive, 9, EV 97.5 MPH)
Top of the 3rd over - 0 runs, 1 hit, 0 errors, 1 left on base; University of Georgia 0 - University of Virginia 0
BOTTOM OF THE 3RD
University of Virginia Cavaliers batting - Pitching for University of Georgia Bulldogs : RHP Rip Log
Batting: RHB Gabe Secundino 0-0: Ball
1-0: Ball
2-0: Called Strike
2-1: Ground out 6-3 (Groundball, 6M, EV 104.4 MPH)
Batting: RHB Ricky Aguilar 0-0: Called Strike
0-1: Ball
1-1: Ball
2-1: Ball
3-1: Base on Balls
Batting: LHB Jesse Westmoreland 0-0: Called Strike
0-1: Foul Ball, location: 2F
0-2: Ball
1-2: Ball
2-2: Ball
3-2: Base on Balls
Ricky Aguilar to second
Batting: LHB Sean Banks 0-0: Ball
1-0: Fielders Choice at 2nd, 4-6 (Groundball, 4, EV 98.8 MPH)
Ricky Aguilar to third
Batting: RHB Arnaud Derosiers 0-0: Ball
1-0: Hit by Pitch
Sean Banks to second
Batting: RHB Adam Dudek 0-0: Ball
1-0: Called Strike
1-1: Ball
2-1: SINGLE (Groundball, 15S, EV 71.9 MPH) (infield hit)
Ricky Aguilar scores
Sean Banks to third
Arnaud Derosiers to second
Batting: SHB Omar Martin 0-0: Called Strike
0-1: Ground out 4-3 (Groundball, 4, EV 107.5 MPH)
Bottom of the 3rd over - 1 run, 1 hit, 0 errors, 3 left on base; University of Georgia 0 - University of Virginia 1
TOP OF THE 4TH
University of Georgia Bulldogs batting - Pitching for University of Virginia Cavaliers : LHP Amari Miller
Batting: RHB Jose Garibay 0-0: Called Strike
0-1: Fly out, F7 (Flyball, 7, EV 86.9 MPH)
Batting: LHB Justin Daley 0-0: Ball
1-0: Ground out U3 (Groundball, 34S, EV 86.9 MPH)
Batting: RHB Tsugio Yamaguchi 0-0: Called Strike
0-1: Swinging Strike
0-2: Ball
1-2: Fly out, F7 (Flyball, 7LM, EV 83.8 MPH)
Top of the 4th over - 0 runs, 0 hits, 0 errors, 0 left on base; University of Georgia 0 - University of Virginia 1
BOTTOM OF THE 4TH
University of Virginia Cavaliers batting - Pitching for University of Georgia Bulldogs : RHP Rip Log
Batting: RHB Matt Peddle 0-0: Called Strike
0-1: Fly out, F9 (Flyball, 9S, EV 88.1 MPH)
Batting: RHB Matt Sobolewski 0-0: Ball
1-0: Ball
2-0: Called Strike
2-1: Fly out, F3 (Flyball, 3D, EV 81.2 MPH)
Batting: RHB Gabe Secundino 0-0: Ball
1-0: Swinging Strike
1-1: Ground out 5-3 (Groundball, 56S, EV 77.5 MPH)
Bottom of the 4th over - 0 runs, 0 hits, 0 errors, 0 left on base; University of Georgia 0 - University of Virginia 1
TOP OF THE 5TH
University of Georgia Bulldogs batting - Pitching for University of Virginia Cavaliers : LHP Amari Miller
Pitching: RHP Juan Chapa
Pinch Hitting: SHB Zack Flater 0-0: Called Strike
0-1: Ball
1-1: Foul Ball, location: 2F
1-2: Fly out, F8 (Flyball, 8LD, EV 96.2 MPH)
Batting: LHB Antonio Razo 0-0: Called Strike
0-1: Swinging Strike
0-2: Ball
1-2: Strikes out swinging
Batting: LHB Dave Schaubert 0-0: Foul Ball, location: 2F
0-1: Foul Ball, location: 2F
0-2: Ground out 4-3 (Groundball, 4M, EV 81.9 MPH)
Top of the 5th over - 0 runs, 0 hits, 0 errors, 0 left on base; University of Georgia 0 - University of Virginia 1
BOTTOM OF THE 5TH
University of Virginia Cavaliers batting - Pitching for University of Georgia Bulldogs : RHP Rip Log
Pitching: RHP Justin Bankowski
Now at 3B: Doug Makwangwala
Batting: RHB Ricky Aguilar 0-0: Ball
1-0: Foul Ball, location: 2F
1-1: Ball
2-1: Swinging Strike
2-2: Strikes out swinging
Batting: LHB Jesse Westmoreland 0-0: Ball
1-0: Ball
2-0: Called Strike
2-1: Ball
3-1: Called Strike
3-2: Ground out 4-3 (Groundball, 4M, EV 106.2 MPH)
Batting: LHB Sean Banks 0-0: Ground out U3 (Groundball, 3L, EV 88.8 MPH)
Bottom of the 5th over - 0 runs, 0 hits, 0 errors, 0 left on base; University of Georgia 0 - University of Virginia 1
TOP OF THE 6TH
University of Georgia Bulldogs batting - Pitching for University of Virginia Cavaliers : RHP Juan Chapa
Pinch Hitting: LHB William Pena 0-0: Ball
1-0: Ball
2-0: Called Strike
2-1: Foul Ball, location: 2F
2-2: Ball
3-2: Fly out, F9 (Flyball, 9D, EV 101.2 MPH)
Pinch Hitting: RHB Ivan Barrientos 0-0: Ball
1-0: Called Strike
1-1: Ball
2-1: Ground out 4-3 (Groundball, 4, EV 90.0 MPH)
Batting: RHB Jesus Alaniz 0-0: Called Strike
0-1: Ball
1-1: Fly out, F9 (Flyball, 9LS, EV 79.4 MPH)
Top of the 6th over - 0 runs, 0 hits, 0 errors, 0 left on base; University of Georgia 0 - University of Virginia 1
BOTTOM OF THE 6TH
University of Virginia Cavaliers batting - Pitching for University of Georgia Bulldogs : RHP Justin Bankowski
Now at 2B: Hector Quiroz
Now in RF: Ivan Barrientos
Batting: RHB Arnaud Derosiers 0-0: Called Strike
0-1: Ball
1-1: Swinging Strike
1-2: SINGLE (Flyball, 34D, EV 93.1 MPH)
Batting: RHB Adam Dudek 0-0: Foul Ball, location: 2F
0-1: Ball
1-1: Called Strike
1-2: Ball
2-2: Foul Ball, location: 2F
2-2: Ball
3-2: Base on Balls
Arnaud Derosiers to second
Batting: SHB Omar Martin 0-0: Ball
1-0: Swinging Strike
1-1: Called Strike
1-2: Strikes out swinging
Batting: RHB Matt Peddle 0-0: Called Strike
0-1: Ball
1-1: SINGLE (Groundball, 56D, EV 95.0 MPH)
Arnaud Derosiers to third
Adam Dudek to second
Runner from 3rd tries for Home, SAFE, throw by LF to home
Batting: RHB Matt Sobolewski 0-0: Ball
1-0: Called Strike
1-1: Foul Ball, location: 2F
1-2: Ball
2-2: Ball
3-2: Base on Balls
Adam Dudek to third
Matt Peddle to second
Batting: RHB Gabe Secundino 0-0: Called Strike
0-1: Ball
1-1: Called Strike
1-2: Ball
2-2: Foul Ball, location: 2F
2-2: Ball
3-2: Base on Balls
Adam Dudek scores
Matt Peddle to third
Matt Sobolewski to second
Batting: RHB Ricky Aguilar 0-0: Fly out, F7 (Flyball, BS2, EV 102.5 MPH)
Runner from 3rd tags up, SCORES, no throw by LF
Pitching: RHP Andy Danny
Pinch Hitting: LHB Lorenzo Valenzuela 0-0: Called Strike
0-1: Ball
1-1: Foul Ball, location: 2F
1-2: Strikes out swinging
Bottom of the 6th over - 3 runs, 2 hits, 0 errors, 2 left on base; University of Georgia 0 - University of Virginia 4
TOP OF THE 7TH
University of Georgia Bulldogs batting - Pitching for University of Virginia Cavaliers : RHP Juan Chapa
Now in RF: Daniel Wise
Batting: RHB Jose Garibay 0-0: Called Strike
0-1: Ball
1-1: Foul Ball, location: 2F
1-2: Strikes out looking
Batting: LHB Justin Daley 0-0: Ball
1-0: Foul Ball, location: 2F
1-1: Ball
2-1: Foul Ball, location: 2F
2-2: Ball
3-2: Base on Balls
Pinch Hitting: RHB Kevin Paul 0-0: Ball
1-0: Called Strike
1-1: Swinging Strike
1-2: Foul Ball, location: 2F
1-2: Strikes out swinging
Batting: RHB Doug Makwangwala 0-0: Called Strike
0-1: Ball
1-1: Foul Ball, location: 2F
1-2: Foul Ball, location: 2F
1-2: Foul Ball, location: 2F
1-2: Fielders Choice at 2nd, 6-4 (Groundball, 6, EV 93.8 MPH)
Top of the 7th over - 0 runs, 0 hits, 0 errors, 1 left on base; University of Georgia 0 - University of Virginia 4
BOTTOM OF THE 7TH
University of Virginia Cavaliers batting - Pitching for University of Georgia Bulldogs : RHP Andy Danny
Now at SS: Pedro Gonzalez
Batting: LHB Sean Banks 0-0: Ball
1-0: Foul Ball, location: 2F
1-1: Called Strike
1-2: Foul Ball, location: 2F
1-2: Ball
2-2: Ball
3-2: DOUBLE (Line Drive, 7LS, EV 110.0 MPH)
Batting: RHB Arnaud Derosiers 0-0: Ground out 4-3 (Groundball, 4M, EV 85.0 MPH)
Sean Banks to third
Batting: RHB Terry Lewellyn 0-0: 2-RUN HOME RUN (Flyball, 89XD, EV 104.4 MPH), Distance : 423 ft
Batting: SHB Omar Martin 0-0: Ball
1-0: Swinging Strike
1-1: Swinging Strike
1-2: Foul Ball, location: 2F
1-2: Fly out, F8 (Flyball, 78S, EV 93.1 MPH)
Batting: RHB Matt Peddle 0-0: Ground out 4-3 (Groundball, 4M, EV 77.5 MPH)
Bottom of the 7th over - 2 runs, 2 hits, 0 errors, 0 left on base; University of Georgia 0 - University of Virginia 6
TOP OF THE 8TH
University of Georgia Bulldogs batting - Pitching for University of Virginia Cavaliers : RHP Juan Chapa
Batting: LHB Antonio Razo 0-0: Called Strike
0-1: SINGLE (Groundball, 4D, EV 96.2 MPH)
Pitching: LHP William Garcia
Batting: RHB Jeff Floyd 0-0: Ball
1-0: Ball
2-0: Called Strike
2-1: Called Strike
2-2: Grounds into double play, 5-4-3 (Groundball, 56S, EV 80.0 MPH)
Batting: SHB Hector Quiroz 0-0: Foul Ball, location: 2F
0-1: Called Strike
0-2: Strikes out swinging
Top of the 8th over - 0 runs, 1 hit, 0 errors, 0 left on base; University of Georgia 0 - University of Virginia 6
BOTTOM OF THE 8TH
University of Virginia Cavaliers batting - Pitching for University of Georgia Bulldogs : RHP Andy Danny
Pinch Hitting: RHB Alex Lira 0-0: Called Strike
0-1: Ball
1-1: Called Strike
1-2: Ball
2-2: Strikes out swinging
Pinch Hitting: RHB John Hampton 0-0: Ball
1-0: Foul Ball, location: 2F
1-1: Ball
2-1: Ball
3-1: Foul Ball, location: 2F
3-2: Foul Ball, location: 2F
3-2: SINGLE (Groundball, 6M, EV 98.1 MPH)
Pinch Hitting: RHB Rohit Gadhavi 0-0: Called Strike
John Hampton steals 2nd base
0-1: Foul Ball, location: 2F
0-2: Ball
1-2: Strikes out swinging
Batting: RHB Daniel Wise 0-0: Ball
1-0: Ball
2-0: Swinging Strike
2-1: Foul Ball, location: 2F
2-2: Fly out, F9 (Line Drive, 9D, EV 91.2 MPH)
Bottom of the 8th over - 0 runs, 1 hit, 0 errors, 1 left on base; University of Georgia 0 - University of Virginia 6
TOP OF THE 9TH
University of Georgia Bulldogs batting - Pitching for University of Virginia Cavaliers : LHP William Garcia
Now at 3B: Alex Lira
Now at SS: John Hampton
Now in CF: Rohit Gadhavi
Batting: RHB Ivan Barrientos 0-0: DOUBLE (Flyball, 8RXD, EV 100.0 MPH)
Pinch Hitting: LHB Iestyn Peacock 0-0: Ball
1-0: Ball
2-0: DOUBLE (Line Drive, 89D, EV 108.1 MPH)
Ivan Barrientos scores
Batting: RHB Jose Garibay 0-0: Swinging Strike
0-1: Foul Ball, location: 2F
0-2: Foul Ball, location: 2F
0-2: Ball
1-2: Ball
2-2: Foul Ball, location: 2F
2-2: Ball
3-2: SINGLE (Groundball, 4MD, EV 107.5 MPH)
Iestyn Peacock to third
Pinch Hitting: LHB Jesus Huante 0-0: Swinging Strike
0-1: Ball
1-1: Swinging Strike
1-2: Foul Ball, location: 2F
1-2: Ball
2-2: Ball
3-2: Foul Ball, location: 2F
3-2: Foul Ball, location: 2F
3-2: Strikes out swinging
Pinch Hitting: LHB Mike Holland 0-0: Ball
Wild Pitch!
Iestyn Peacock scores
Jose Garibay to second
1-0: Foul Ball, location: 2F
1-1: SINGLE (Line Drive, 6MD, EV 101.9 MPH)
Jose Garibay to third
Pitching: RHP Denzel McPherson
Batting: RHB Doug Makwangwala 0-0: Foul Ball, location: 2F
0-1: Fly out, F8 (Flyball, 8RM, EV 75.6 MPH)
Pinch Hitting: LHB Erwin Koevoets 0-0: Foul Ball, location: 2F
0-1: Foul Ball, location: 2F
0-2: Foul Ball, location: 2F
0-2: Ball
1-2: Ball
2-2: Foul Ball, location: 2F
2-2: Strikes out swinging
Top of the 9th over - 2 runs, 4 hits, 0 errors, 2 left on base; University of Georgia 2 - University of Virginia 6
Thursday, March 31st , 2022 - OOTP Baseball 22.12 Build 89